 Dungeon Crawl Stone Soup version 0.22-b1-26-g9dbaab1 (webtiles) character file.

1063 MTVSty1e the Cleaver (level 8, -3/46 HPs)
             Began as a Gargoyle Fighter on Aug 8, 2018.
             Was a Follower of Okawaru.
             Slain by a two-headed ogre
             ... wielding a +0 giant club
              (8 damage)
             ... on level 7 of the Dungeon.
             The game lasted 00:07:41 (4451 turns).

MTVSty1e the Cleaver (Gargoyle Fighter)             Turns: 4451, Time: 00:07:42

Health: -3/46      AC: 23    Str: 22    XL:     8   Next: 27%
Magic:  0/2        EV:  8    Int: 15    God:    Okawaru [*.....]
Gold:   389        SH: 11    Dex:  9    Spells: 7/7 levels left

rFire    . . .     SeeInvis .   x - +1 war axe (antimagic)
rCold    . . .     Gourm    .   c - +0 shield
rNeg     + . .     Faith    .   B - +0 shadow dragon scales
rPois    ∞         Spirit   .   q - +0 helmet
rElec    +         Reflect  .   (no cloak)
rCorr    .         Harm     .   J - +0 pair of gloves
MR       .....                  C - +0 pair of boots
Stlth    ++++......             (no amulet)
HPRegen  0.15/turn              k - ring of flight
MPRegen  0.08/turn              o - +6 ring of intelligence

@: heroism
A: negative energy resistance 1, electricity resistance, unbreathing,
petrification resistance, rot immunity, AC +5
a: Heroism, Renounce Religion, Evoke Flight


You were on level 7 of the Dungeon.
You worshipped Okawaru.
Okawaru was aware of your devotion.
You were hungry.

You visited 2 branches of the dungeon, and saw 8 of its levels.

You collected 389 gold pieces.

Inventory:

Hand Weapons
 a - a +0 war axe
 t - a +2 hand axe of freezing
 x - a +1 antimagic war axe (weapon)
Armour
 b - a +0 scale mail
 c - a +0 shield (worn)
 m - a +2 chain mail of cold resistance
 q - a +0 helmet (worn)
 B - +0 shadow dragon scales (worn)
 C - a +0 pair of boots (worn)
 I - the +6 scale mail of Winter {Int+3 Dex+4}
   (You found it on level 6 of the Dungeon)

   It affects your intelligence (+3).
   It affects your dexterity (+4).
 J - a +0 pair of gloves (worn)
Jewellery
 k - a ring of flight (left hand)
 o - a +6 ring of intelligence (right hand)
 A - an uncursed amulet of faith
Wands
 s - a wand of iceblast (7)
 F - a wand of polymorph (8)
 G - a wand of random effects (26)
Scrolls
 e - 3 scrolls of blinking {unknown}
 h - 4 scrolls of identify
 i - 2 scrolls of remove curse {unknown}
 l - 3 scrolls of teleportation {unknown}
 p - 2 scrolls of enchant armour {unknown}
 v - a scroll of amnesia {unknown}
 w - a scroll of noise {unknown}
 y - a scroll of immolation {unknown}
 D - a scroll of fear {unknown}
 E - a scroll of torment {unknown}
Potions
 d - 3 potions of might
 g - 4 potions of heal wounds {unknown}
 j - a potion of degeneration {unknown}
 n - a potion of agility {unknown}
 r - a potion of flight {unknown}
 u - a potion of lignification {unknown}
 z - a potion of magic {unknown}
 H - a potion of haste {unknown}
Comestibles
 f - 10 rations


   Skills:
 - Level 3.2(8.2) Fighting
 + Level 8.9(13.9) Axes
 - Level 3.2(8.2) Armour
 - Level 3.2(8.2) Shields


You had 7 spell levels left.
You didn't know any spells.
Your spell library was empty.

Dungeon Overview and Level Annotations

Branches:
Dungeon (7/15)             Temple (1/1) D:5

Altars:
Ashenzari
Cheibriados
Elyvilon
Makhleb
Nemelex Xobeh
Okawaru
Qazlal
Trog
Uskayaw
Vehumet
Wu Jian
Xom
The Shining One

Annotations:
D:5 1 runed door, Lew's ghost, novice OpFi


Innate Abilities, Weirdness & Mutations

You are resistant to torment.
Your stone body is resilient. (AC +5)
You are immune to poison.
You resist negative energy. (rN+)
You are resistant to electric shocks. (rElec)
You can survive without breathing.
You are immune to petrification.
You are immune to rotting.


Message History

You barely miss the two-headed ogre.
The two-headed ogre is heavily wounded.
The two-headed ogre barely misses you. x2
You hit the two-headed ogre but do no damage.
The two-headed ogre is heavily wounded.
The two-headed ogre hits you but does no damage. x2
You slash the two-headed ogre!
The two-headed ogre is severely wounded.
You hit the two-headed ogre.
The two-headed ogre is severely wounded.
The two-headed ogre hits you with a giant club!
The two-headed ogre hits you with a giant spiked club!
You are too injured to fight recklessly!
You are too injured to fight recklessly!
You hit the two-headed ogre.
The two-headed ogre is severely wounded.
The two-headed ogre hits you with a giant club!
* * * LOW HITPOINT WARNING * * *
The two-headed ogre hits you with a giant spiked club!
You die...

########+##....#
######..............#
....................#
.......<............#
....................#
......###'####+#....#
.....>#....#...#....#
......#....'...'....#
......##########@...#
................O...#
..............?.....#
....................#
......................
.......................
####'#......##+#####....
#...#......# .?..
#..<#......#


You could see a two-headed ogre.

Vanquished Creatures
  2 ice beasts (D:5)
  A sky beast (D:5)
  An orc warrior (D:6)
  A centaur (D:6)
  4 crimson imps (D:5)
  2 hounds
  A bullfrog skeleton (D:6)
  2 iguanas (D:5)
  An orc wizard (D:3)
  3 worker ants
  Robin (D:3)
  A worker ant zombie (D:6)
  4 gnolls (D:3)
  6 adders
  2 shadow imps (D:5)
  2 worms (D:3)
  2 dart slugs
  5 leopard geckos
  10 orcs
  6 giant cockroaches
  15 goblins
  10 hobgoblins
  3 jackals (D:5)
  4 quokkas
  2 ball pythons
  4 bats
  4 frilled lizards
  5 kobolds
  A leopard gecko skeleton (D:4)
  2 quokka skeletons
  6 rats
113 creatures vanquished.

Notes
Turn   | Place    | Note
-------+----------+-------------------------------------------
     0 | D:1      | MTVSty1e the Gargoyle Fighter began the quest for the Orb.
     0 | D:1      | Reached XP level 1. HP: 14/14 MP: 1/1
    78 | D:1      | Reached skill level 2 in Axes
   163 | D:1      | Reached XP level 2. HP: 17/19 MP: 2/2
   610 | D:1      | Reached skill level 3 in Axes
   716 | D:2      | Reached XP level 3. HP: 21/23 MP: 3/3
   905 | D:2      | Found a radiant altar of Vehumet.
  1217 | D:2      | You fall through a shaft!
  1480 | D:3      | Reached XP level 4. HP: 27/28 MP: 4/4
  1507 | D:3      | Noticed Robin
  1516 | D:3      | Reached skill level 4 in Axes
  1522 | D:3      | Killed Robin
  1708 | D:3      | Reached XP level 5. HP: 28/32 MP: 5/5
  1781 | D:3      | Reached skill level 5 in Axes
  2306 | D:4      | Reached XP level 6. HP: 25/37 MP: 6/6
  2726 | D:4      | Found a white marble altar of Elyvilon.
  2874 | D:5      | Entered Level 5 of the Dungeon
  2884 | D:5      | Noticed an ice beast
  2897 | D:5      | Killed an ice beast
  2897 | D:5      | Reached skill level 6 in Axes
  2988 | D:5      | Noticed a sky beast
  3007 | D:5      | Killed a sky beast
  3007 | D:5      | Reached XP level 7. HP: 36/41 MP: 2/7
  3070 | D:5      | Found a runed door.
  3077 | D:5      | Noticed Lew's ghost (novice OpFi)
  3081 | D:5      | Found a staircase to the Ecumenical Temple.
  3097 | D:5      | Reached skill level 7 in Axes
  3121 | Temple   | Entered the Ecumenical Temple
  3195 | Temple   | Became a worshipper of Warmaster Okawaru
  3422 | D:5      | Found a shimmering altar of Xom.
  3670 | D:5      | Reached skill level 8 in Axes
  3736 | D:6      | Reached XP level 8. HP: 37/46 MP: 2/8
  3983 | D:6      | Reached * piety under Okawaru
  4001 | D:6      | Found a sparkling altar of Nemelex Xobeh.
  4352 | D:6      | Got a shimmering scale mail
  4353 | D:6      | Identified the +6 scale mail of Winter {Int+3 Dex+4} (You found it on level 6 of the Dungeon)
  4441 | D:7      | Noticed a two-headed ogre
  4451 | D:7      | Slain by a two-headed ogre

Skill      XL: |  1  2  3  4  5  6  7 |
---------------+----------------------+-----
Axes           | 2 3 4 5 6 8 |  8.9
Fighting       | |  3.2
Armour         | |  3.2
Shields        | |  3.2

Action                   |  1- 3 |  4- 6 |  7- 9 || total
-------------------------+-------+-------+-------++-------
Melee: War axe           |   155 |   279 |   131 ||   565
Invok: Heroism           |       |       |     1 ||     1
  Use: Scroll            |       |       |     2 ||     2
 Stab: Sleeping          |       |       |     1 ||     1
  Eat: Ration            |     1 |     1 |     1 ||     3
       Chunk             |       |     1 |     1 ||     2
Armor: Scale mail        |    79 |       |       ||    79
       Chain mail        |    20 |   166 |    49 ||   235
       Shadow dragon sca |       |       |    20 ||    20
Dodge: Dodged            |    47 |    62 |    21 ||   130
Block: Shield            |    87 |   130 |    49 ||   266
